 Dungeon Crawl Stone Soup version 0.29-a0-221-gceb61267dd (webtiles) character file.

Game seed: 4730856334039604082

231 Majang the Ruffian (level 5, 0/42 HPs)
             Began as a Demonspawn Gladiator on Feb 26, 2022.
             Was an Initiate of Cheibriados.
             Succumbed to a water moccasin's poison
             ... on level 4 of the Dungeon.
             The game lasted 00:08:41 (3858 turns).

Majang the Ruffian (Demonspawn Gladiator)           Turns: 3858, Time: 00:08:41

Health: 0/42       AC:  7    Str: 17    XL:     5   Next: 72%
Magic:  6/6        EV: 11    Int: 11    God:    Cheibriados [......]
Gold:   148        SH:  0    Dex: 15    Spells: 4/4 levels left

rFire   . . .      SeeInvis .     - Unarmed
rCold   . . .      Faith    .   (no shield)
rNeg    . . .      Spirit   .   f - +0 ring mail
rPois   .          Reflect  .   b - +0 helmet
rElec   .          Harm     .   j - +0 cloak
rCorr   .          Rampage  .   (no gloves)
Will    .....                   (no boots)
Stlth   +.........              (no amulet)
HPRegen 0.14/turn               (no ring)
MPRegen 0.10/turn               (no ring)

@: lethally poisoned (0 -> -10), very slow
A: hooves 1
a: Renounce Religion


You were on level 4 of the Dungeon.
You worshipped Cheibriados.
Cheibriados was noncommittal.
You visited 1 branch of the dungeon, and saw 4 of its levels.

You collected 148 gold pieces.

Inventory:

Armour
 b - a +0 helmet (worn)
 f - a +0 ring mail (worn)
 j - a +0 cloak (worn)
 s - the +0 pair of boots of Death's Door {+Blink rC+++ Str-4 Stlth+}
   (You found it on level 4 of the Dungeon)

   Str:       It affects your strength (-4).
   rC:        It renders you almost immune to cold.
   +Blink:    It lets you blink.
   Stlth:     It makes you more stealthy.
Scrolls
 e - 2 scrolls of torment {unknown}
 h - 2 scrolls of vulnerability {unknown}
 i - 3 scrolls of teleportation {unknown}
 m - 3 scrolls of immolation {unknown}
 o - a scroll of identify {unknown}
 q - a scroll of blinking {unknown}
Potions
 d - 3 potions of haste {unknown}
 g - 3 potions of might {unknown}
 k - a potion of mutation {unknown}
 l - a potion of attraction {unknown}
 n - a potion of flight {unknown}
 p - a potion of cancellation {unknown}
 r - a potion of curing {unknown}


   Skills:
 + Level 3.6 Fighting
 - Level 1.7 Throwing
 - Level 2.6 Dodging
 * Level 4.9 Unarmed Combat
 + Level 1.8 Invocations


You had 4 spell levels left.
You didn't know any spells.
Your spell library was empty.

Dungeon Overview and Level Annotations

Branches:
Dungeon (4/15)
 Temple: D:4-7

Altars:
Cheibriados
Uskayaw
Vehumet

Shops:
D:3 =

Annotations:
D:3 exclusion: statue
D:4 Grinder


Innate Abilities, Weirdness & Mutations

You have large cloven feet.


Message History

Aim: a water moccasin (40% to hit)
You throw a throwing net.
The throwing net hits the water moccasin.
The water moccasin is caught in the net!
The water moccasin struggles against the net.
Grinder blinks!
You hit the water moccasin. You kick the water moccasin.
You punch the water moccasin.
The water moccasin is heavily wounded.
The water moccasin struggles against the net.
You punch the water moccasin!
You kick the water moccasin, but do no damage.
The water moccasin is almost dead.
The water moccasin struggles against the net. x2
The net rips apart, and the water moccasin comes free!
You barely miss the water moccasin.
The water moccasin is almost dead.
The water moccasin bites you!
You hit the water moccasin but do no damage.
Your kick misses the water moccasin.
The water moccasin is almost dead.
The water moccasin bites you.
Grinder blinks!
You closely miss the water moccasin.
The water moccasin is almost dead.
The water moccasin closely misses you. Grinder hits you.
You writhe in agony.
You closely miss the water moccasin.
The water moccasin is severely wounded.
The water moccasin bites you but does no damage.
The water moccasin bites you.
You hit the water moccasin but do no damage.
The water moccasin is severely wounded.
Grinder hits you.
You writhe in agony.
* * * LOW HITPOINT WARNING * * *
The water moccasin bites you.
* * * LOW HITPOINT WARNING * * *
You are lethally poisoned!
The water moccasin poisons you!
You hit the water moccasin.
The water moccasin is severely wounded.
You die...

# #.#.#.#.#####.##.#
###.#.#.#....##.##.#
#............##.##.#
..###..##....##.##.#
..............#. #.# #
..###..##.....#. #.#.# ###
#..#...##.#.##.#.#
#####..#.#.##.#.5....#
.......#.#.##.#(@..#####..
######.#.#.##.#S#.........
....#....#.##.#.#.........
...........##.#.#..####...
###.#..#......#.#..# ..
#.#......####.#..#
#.##.##.....#.#..#
##.##.#...........#
#.....##.#.#.#.##.#


You could see Grinder and a water moccasin.

Vanquished Creatures
  A jelly (D:3)
  An orc priest (D:3)
  A hound (D:4)
  Jessica (D:2)
  An adder (D:2)
  4 worms (D:2)
  4 dart slugs
  10 orcs
  6 bats
  4 endoplasms
  5 giant cockroaches
  4 hobgoblins
  7 jackals (D:1)
  3 kobolds
  4 quokkas
  6 ball pythons
  4 frilled lizards (D:1)
  6 goblins
  3 rats
75 creatures vanquished.

Notes
Turn   | Place    | Note
-------+----------+-------------------------------------------
     0 | D:1      | Majang the Demonspawn Gladiator began the quest for the
                  | Orb.
     0 | D:1      | Reached XP level 1. HP: 16/16 MP: 1/1
    69 | D:1      | Reached skill level 3 in Unarmed Combat
   149 | D:1      | Gained mutation: You have large cloven feet. [demonic
                  | ancestry]
   149 | D:1      | Reached XP level 2. HP: 19/22 MP: 2/2
   404 | D:1      | Reached XP level 3. HP: 18/28 MP: 3/3
  1199 | D:2      | Found a faded altar of an unknown god.
  1405 | D:2      | Reached skill level 4 in Unarmed Combat
  1405 | D:2      | Reached XP level 4. HP: 30/34 MP: 4/4
  1522 | D:2      | Noticed Jessica
  1535 | D:2      | Killed Jessica
  2380 | D:3      | Found a radiant altar of Vehumet.
  2380 | D:3      | Noticed a frost-covered statue
  2443 | D:3      | Found a snail-covered altar of Cheibriados.
  2444 | D:3      | Found a hide-covered altar of Uskayaw.
  2447 | D:3      | Became a worshipper of Cheibriados the Contemplative
  2516 | D:3      | Found Plog's Jewellery Shoppe.
  2720 | D:3      | Reached XP level 5. HP: 18/41 MP: 5/5
  2924 | D:3      | Reached skill level 1 in Invocations
  3468 | D:4      | Identified the +0 pair of boots of Death's Door {+Blink
                  | rC+++ Str-4 Stlth+}
  3846 | D:4      | Noticed Grinder
  3848 | D:4      | Noticed a water moccasin
  3857 | D:4      | HP: 1/42 [water moccasin (6)]
  3858 | D:4      | Succumbed to a water moccasin's poison

Illustrated notes

Levels and vault maps discovered:
D:1:      mrwooster_arrival_statue, layout_basic, minmay_cut_off
D:2:      layout_rooms, nicolae_ecumenical_pavilion, chequers_arboretum,
          uniq_jessica
D:3:      layout_loops_cross, vehumet_statue, mainiacjoe_overflow_divided_tiny,
          serial_shops, shop_fountains, kennysheep_pointless_box
D:4:      layout_basic, uniq_grinder

Skill      XL: |  1  2  3  4  5 |
---------------+----------------+-----
Unarmed Combat | 3 4 |  4.9
Fighting       | 3 |  3.6
Invocations    | 1 |  1.8
Throwing       | |  1.7
Dodging        | |  2.6

Action                   |  1- 3 |  4- 6 || total
-------------------------+-------+-------++-------
Melee: Unarmed           |   145 |   119 ||   264
       Kick              |    24 |    30 ||    54
       Punch             |     1 |     3 ||     4
Throw: Throwing net      |       |     3 ||     3
 Stab: Sleeping          |     1 |       ||     1
Armor: Leather armour    |    27 |       ||    27
       Ring mail         |    29 |    30 ||    59
Dodge: Dodged            |    86 |    58 ||   144

Table legend: (Time is in decaauts)
 A = Elapsed time spent in this place.
 B = Non-inter-level travel time spent in this place.
 C = Inter-level travel time spent in this place.
 D = Time resting spent in this place.
 E = Time spent auto-exploring this place.
 F = Levels seen in this place.
 G = Mean time per level.
                   A        B        C        D        E       F      G
               +--------+--------+--------+--------+--------+-----+--------+
         Total |   4022 |   4008 |     14 |   1164 |   2166 |   4 | 1005.5 |
       Dungeon |   4022 |   4008 |     14 |   1164 |   2166 |   4 | 1005.5 |
               +--------+--------+--------+--------+--------+-----+--------+

Top non-repeatable levels by time:
     D:3: 1207 daAuts
     D:1: 1191 daAuts
     D:4: 837 daAuts
     D:2: 785 daAuts
